MLB
TORONTO BLUE JAYS @ DETROIT TIGERS
04/04/2099
 
TOP OF THE 1ST
Toronto Blue Jays batting - Pitching for Detroit Tigers : RHP Raul Mendoza
Pitching: RHP Raul Mendoza
Batting: RHB Danny Daugherty 0-0: Ground out 6-3 (Groundball, 56, EV 101.9 MPH)
Batting: LHB Collin Coleman 0-0: Ball
1-0: Ground out 6-3 (Groundball, 56, EV 83.8 MPH)
Batting: SHB Dennis Desper 0-0: Foul Ball, location: 3DF
0-1: Ball
1-1: Foul Ball, location: 2F
1-2: Ground out U3 (Groundball, 34D, EV 103.8 MPH)
Top of the 1st over - 0 runs, 0 hits, 0 errors, 0 left on base; Toronto 0 - Detroit 0
BOTTOM OF THE 1ST
Detroit Tigers batting - Pitching for Toronto Blue Jays : LHP Jonathan McBride
Pitching: LHP Jonathan McBride
Batting: LHB Tim Wilson 0-0: Called Strike
0-1: Foul Ball, location: 2F
0-2: Foul Ball, location: 3FF
0-2: Strikes out swinging
Batting: RHB Steve Selmon 0-0: Swinging Strike
0-1: Swinging Strike
0-2: Ball
1-2: SINGLE (Line Drive, 89S, EV 95.6 MPH)
Batting: RHB Francisco Salto 0-0: Ball
1-0: Ball
2-0: Ball
3-0: Called Strike
3-1: Base on Balls
Steve Selmon to second
Batting: RHB Allan Alessi 0-0: Ball
1-0: Fly out, F5 (Popup, 5SF, EV 74.4 MPH)
Batting: RHB Edgar Navarrete 0-0: Ball
1-0: Called Strike
1-1: Foul Ball, location: 3FF
1-2: Foul Ball, location: 3FF
1-2: Foul Ball, location: 2LF
1-2: Foul Ball, location: 5DF
1-2: Strikes out swinging
Bottom of the 1st over - 0 runs, 1 hit, 0 errors, 2 left on base; Toronto 0 - Detroit 0
TOP OF THE 2ND
Toronto Blue Jays batting - Pitching for Detroit Tigers : RHP Raul Mendoza
Batting: LHB John Slaff 0-0: Called Strike
0-1: SINGLE (Groundball, 4MD, EV 105.6 MPH)
Batting: LHB Ramon Anguiano 0-0: Ball
1-0: Swinging Strike
1-1: Ball
2-1: Ball
3-1: Base on Balls
John Slaff to second
Batting: RHB Greg Bates 0-0: Fly out, F5 (Line Drive, 5L, EV 71.9 MPH)
Batting: LHB Brian Burton 0-0: Ball
1-0: Ball
2-0: Fly out, F5 (Line Drive, 5L, EV 68.1 MPH)
Batting: SHB Damani Fowlkes 0-0: DOUBLE (Line Drive, 78XD, EV 109.4 MPH)
John Slaff scores
Ramon Anguiano to third
Batting: SHB Alex Carrillo 0-0: Ground out 4-3 (Groundball, 4, EV 83.8 MPH)
Top of the 2nd over - 1 run, 2 hits, 0 errors, 2 left on base; Toronto 1 - Detroit 0
BOTTOM OF THE 2ND
Detroit Tigers batting - Pitching for Toronto Blue Jays : LHP Jonathan McBride
Batting: RHB Donald Nohl 0-0: Swinging Strike
0-1: Ball
1-1: Ball
2-1: Foul Ball, location: 9LDF
2-2: Strikes out looking
Batting: RHB Jon Robinson 0-0: Swinging Strike
0-1: Ball
1-1: Called Strike
1-2: Strikes out swinging
Batting: RHB Jake Henson 0-0: Ball
1-0: Called Strike
1-1: Ball
2-1: Called Strike
2-2: Ball
3-2: Strikes out swinging
Bottom of the 2nd over - 0 runs, 0 hits, 0 errors, 0 left on base; Toronto 1 - Detroit 0
TOP OF THE 3RD
Toronto Blue Jays batting - Pitching for Detroit Tigers : RHP Raul Mendoza
Pitching: RHP Blake Dickerson
Batting: RHB Danny Daugherty 0-0: Ball
1-0: Foul Ball, location: 2F
1-1: Ball
2-1: Foul Ball, location: 2F
2-2: Ground out 6-3 (Groundball, 6S, EV 70.0 MPH)
Batting: LHB Collin Coleman 0-0: Ground out U3 (Groundball, 34, EV 92.5 MPH)
Batting: SHB Dennis Desper 0-0: Ball
1-0: Ball
2-0: Foul Ball, location: 7LMF
2-1: Called Strike
2-2: Foul Ball, location: 2F
2-2: Strikes out looking
Top of the 3rd over - 0 runs, 0 hits, 0 errors, 0 left on base; Toronto 1 - Detroit 0
BOTTOM OF THE 3RD
Detroit Tigers batting - Pitching for Toronto Blue Jays : LHP Jonathan McBride
Batting: SHB Brian Shepherd 0-0: Ball
1-0: Reached on error, E5 (Groundball, 56, EV 89.4 MPH)
Batting: LHB Tim Wilson 0-0: Foul Ball, location: 3F
0-1: Foul Ball, location: 7LSF
0-2: Ball
1-2: SINGLE (Line Drive, 8LS, EV 92.5 MPH)
Brian Shepherd to second
Runner from 2nd tries for 3rd, SAFE, no throw by CF
Batting: RHB Steve Selmon 0-0: Called Strike
0-1: Foul Ball, location: 2F
0-2: Strikes out swinging
Batting: RHB Francisco Salto 0-0: Foul Ball, location: 9LSF
0-1: Fly out, F6 (Popup, 4MD, EV 58.1 MPH)
Batting: RHB Allan Alessi 0-0: Called Strike
0-1: Ground out 5-3 (Groundball, 56S, EV 66.3 MPH)
Bottom of the 3rd over - 0 runs, 1 hit, 1 error, 2 left on base; Toronto 1 - Detroit 0
TOP OF THE 4TH
Toronto Blue Jays batting - Pitching for Detroit Tigers : RHP Blake Dickerson
Pitching: RHP Justin Bertram
Batting: LHB John Slaff 0-0: Ball
1-0: Ground out 6-3 (Groundball, 4M, EV 79.4 MPH)
Batting: LHB Ramon Anguiano 0-0: Called Strike
0-1: Called Strike
0-2: Ball
1-2: Strikes out swinging
Batting: RHB Greg Bates 0-0: Ball
1-0: Fly out, F8 (Flyball, 8LXD, EV 105.0 MPH)
Top of the 4th over - 0 runs, 0 hits, 0 errors, 0 left on base; Toronto 1 - Detroit 0
BOTTOM OF THE 4TH
Detroit Tigers batting - Pitching for Toronto Blue Jays : LHP Jonathan McBride
Batting: RHB Edgar Navarrete 0-0: Called Strike
0-1: Ball
1-1: Swinging Strike
1-2: Ball
2-2: Ball
3-2: Base on Balls
Batting: RHB Donald Nohl 0-0: Ground out 5-3 (Groundball, 56, EV 101.3 MPH)
Edgar Navarrete to second
Batting: RHB Jon Robinson 0-0: Fly out, F8 (Flyball, 78D, EV 105.6 MPH)
Batting: RHB Jake Henson 0-0: Ball
1-0: Swinging Strike
1-1: Ball
2-1: Ball
3-1: Base on Balls
Batting: SHB Brian Shepherd 0-0: Foul Ball, location: 5FF
0-1: Swinging Strike
0-2: Ball
1-2: Foul Ball, location: 2F
1-2: Ball
2-2: Fielders Choice at 2nd, 6-4 (Groundball, 6, EV 90.6 MPH)
Bottom of the 4th over - 0 runs, 0 hits, 0 errors, 2 left on base; Toronto 1 - Detroit 0
TOP OF THE 5TH
Toronto Blue Jays batting - Pitching for Detroit Tigers : RHP Justin Bertram
Pitching: LHP Kevin Swanson
Now at 1B: Nick Penix
Now in LF: Edgar Navarrete
Now in CF: Steve Selmon
Batting: LHB Brian Burton 0-0: Swinging Strike
0-1: Reached on error, E4 (Groundball, 4, EV 96.3 MPH)
Batting: SHB Damani Fowlkes 0-0: Called Strike
0-1: Ball
1-1: Ground out 6-3 (Groundball, 6MS, EV 72.5 MPH)
Brian Burton to second
Batting: SHB Alex Carrillo 0-0: Called Strike
0-1: Ball
1-1: Called Strike
1-2: Foul Ball, location: 2F
1-2: Ball
2-2: Ball
3-2: Strikes out swinging
Batting: RHB Danny Daugherty 0-0: Foul Ball, location: 5F
0-1: Swinging Strike
0-2: Ball
1-2: Ball
2-2: Foul Ball, location: 3F
2-2: Strikes out swinging
Top of the 5th over - 0 runs, 0 hits, 1 error, 1 left on base; Toronto 1 - Detroit 0
BOTTOM OF THE 5TH
Detroit Tigers batting - Pitching for Toronto Blue Jays : LHP Jonathan McBride
Pitching: RHP Jason Hudgins
Now at 1B: Ricky Ulloa
Now at 2B: Greg Phillips
Now at 3B: Mark Spalding
Now in CF: Steve Bova
Now in RF: John Slaff
Batting: LHB Jose Camacho 0-0: Fly out, F5 (Popup, 5SF, EV 84.4 MPH)
Pinch Hitting: SHB Mike Knighten 0-0: Ball
1-0: Swinging Strike
1-1: Foul Ball, location: 2F
1-2: Foul Ball, location: 2F
1-2: Strikes out swinging
Pinch Hitting: LHB Philip Clark 0-0: Called Strike
0-1: Swinging Strike
0-2: Ball
1-2: Foul Ball, location: 7LDF
1-2: Ground out U3 (Groundball, 13, EV 86.3 MPH)
Bottom of the 5th over - 0 runs, 0 hits, 0 errors, 0 left on base; Toronto 1 - Detroit 0
TOP OF THE 6TH
Toronto Blue Jays batting - Pitching for Detroit Tigers : LHP Kevin Swanson
Pitching: LHP Malcolm Shelvin
Now at C: Carlos Fraire
Now in LF: Philip Clark
Now in CF: Edgar Navarrete
Now in RF: Mike Knighten
Batting: LHB Collin Coleman 0-0: Ball
1-0: Ball
2-0: Foul Ball, location: 2F
2-1: Ball
3-1: SINGLE (Line Drive, 5D, EV 67.5 MPH)
Batting: RHB Ricky Ulloa 0-0: Ball
1-0: Ball
2-0: SINGLE (Line Drive, 34D, EV 98.8 MPH)
Collin Coleman to second
Pinch Hitting: RHB Angel Perez 0-0: Ball
1-0: Ball
2-0: DOUBLE (Line Drive, 89D, EV 106.9 MPH)
Collin Coleman scores
Ricky Ulloa to third
Batting: LHB Greg Phillips 0-0: Called Strike
0-1: Ball
1-1: Fielders Choice at home, 6-2 (Groundball, P, EV 87.5 MPH)
Angel Perez to third
Batting: SHB Mark Spalding 0-0: Foul Ball, location: 2F
0-1: Swinging Strike
0-2: Ball
1-2: Foul Ball, location: 9LDF
1-2: Ball
2-2: Strikes out looking
Batting: RHB Steve Bova 0-0: Fly out, F9 (Flyball, 9LD, EV 95.6 MPH)
Top of the 6th over - 1 run, 3 hits, 0 errors, 2 left on base; Toronto 2 - Detroit 0
BOTTOM OF THE 6TH
Detroit Tigers batting - Pitching for Toronto Blue Jays : RHP Jason Hudgins
Pitching: LHP Greg Earle
Now in RF: Victor Ramirez
Batting: RHB Allan Alessi 0-0: Called Strike
0-1: Ball
1-1: SINGLE (Line Drive, 6M, EV 106.9 MPH)
Pinch Hitting: LHB Denny Marshall 0-0: Foul Ball, location: 2LF
0-1: Called Strike
0-2: Strikes out looking
Batting: RHB Donald Nohl 0-0: Ball
1-0: Foul Ball, location: 3FF
1-1: Called Strike
1-2: Ball
2-2: Fly out, F8 (Flyball, 8LXD, EV 98.1 MPH)
Batting: RHB Jon Robinson 0-0: Called Strike
0-1: Foul Ball, location: 3F
0-2: DOUBLE (Line Drive, 7LS, EV 91.3 MPH)
Allan Alessi to third
Runner from 3rd tries for Home, SAFE, throw by LF to trailing runner, SAFE at third!
Batting: LHB Nick Penix 0-0: Ground out 1-3 (Groundball, 13, EV 67.5 MPH)
Bottom of the 6th over - 1 run, 2 hits, 0 errors, 1 left on base; Toronto 2 - Detroit 1
TOP OF THE 7TH
Toronto Blue Jays batting - Pitching for Detroit Tigers : LHP Malcolm Shelvin
Pitching: RHP John Griffith
Now in LF: Denny Marshall
Now in CF: Philip Clark
Pinch Hitting: RHB Greg Whitaker 0-0: Ball
1-0: Ball
2-0: Foul Ball, location: 9LDF
2-1: Ball
3-1: Called Strike
3-2: Foul Ball, location: 2F
3-2: Base on Balls
Batting: SHB Alex Carrillo 0-0: Ball
1-0: Bunted foul
1-1: Ball
2-1: Sac Bunt to 13 - play at first, batter OUT! 1-3
Greg Whitaker to second
Batting: RHB Danny Daugherty 0-0: Foul Ball, location: 9LSF
0-1: Called Strike
0-2: Foul Ball, location: 9LMF
0-2: Strikes out swinging
Batting: LHB Collin Coleman 0-0: Ball
1-0: Called Strike
1-1: Swinging Strike
1-2: Foul Ball, location: 7LSF
1-2: Fly out, F9 (Flyball, 89M, EV 100.0 MPH)
Top of the 7th over - 0 runs, 0 hits, 0 errors, 1 left on base; Toronto 2 - Detroit 1
BOTTOM OF THE 7TH
Detroit Tigers batting - Pitching for Toronto Blue Jays : LHP Greg Earle
Pitching: RHP Wilfredo Moreno
Now at C: William Taveras
Now at 2B: Greg Whitaker
Now at 3B: Greg Phillips
Now at SS: Mark Spalding
Batting: RHB Carlos Fraire 0-0: Ball
1-0: Foul Ball, location: 23FF
1-1: Swinging Strike
1-2: Ball
2-2: Foul Ball, location: 9LDF
2-2: Reached on error, E3 (Groundball, 3, EV 82.5 MPH)
Batting: LHB Jose Camacho 0-0: Swinging Strike
0-1: Grounds into double play, 4-6-3 (Groundball, 34, EV 110.0 MPH)
Batting: SHB Mike Knighten 0-0: Called Strike
0-1: Swinging Strike
0-2: Ball
1-2: Foul Ball, location: 2LF
1-2: Ball
2-2: Foul Ball, location: 2F
2-2: Ball
3-2: Fly out, F8 (Line Drive, 8RD, EV 93.1 MPH)
Bottom of the 7th over - 0 runs, 0 hits, 1 error, 0 left on base; Toronto 2 - Detroit 1
TOP OF THE 8TH
Toronto Blue Jays batting - Pitching for Detroit Tigers : RHP John Griffith
Pitching: RHP Justin Grogan
Batting: RHB Ricky Ulloa 0-0: Ball
1-0: Foul Ball, location: 2F
1-1: Swinging Strike
1-2: Ground out 6-3 (Groundball, 6, EV 82.5 MPH)
Batting: RHB Victor Ramirez 0-0: Called Strike
0-1: Ball
1-1: Ball
2-1: Fly out, F8 (Flyball, 8LXD, EV 110.6 MPH)
Batting: LHB Greg Phillips 0-0: Foul Ball, location: 2F
0-1: Ball
1-1: Swinging Strike
1-2: Strikes out swinging
Top of the 8th over - 0 runs, 0 hits, 0 errors, 0 left on base; Toronto 2 - Detroit 1
BOTTOM OF THE 8TH
Detroit Tigers batting - Pitching for Toronto Blue Jays : RHP Wilfredo Moreno
Pitching: RHP Victor Urueta
Now at 1B: Justin Dupree
Batting: LHB Philip Clark 0-0: Ball
1-0: SINGLE (Groundball, 4D, EV 106.9 MPH)
Batting: RHB Allan Alessi 0-0: SINGLE (Groundball, 6MD, EV 96.9 MPH)
Philip Clark to second
Runner from 2nd tries for 3rd, SAFE, no throw by CF
Batting: LHB Denny Marshall 0-0: Ball
1-0: DOUBLE (Line Drive, 89M, EV 103.1 MPH)
Philip Clark scores
Allan Alessi to third
Pitching: LHP Brian Hawkins
Batting: RHB Donald Nohl 0-0: Foul Ball, location: 2F
0-1: Ball
1-1: Ground out 6-3 (Groundball, 6MS, EV 67.5 MPH)
Batting: RHB Jon Robinson 0-0: Ball
1-0: Swinging Strike
1-1: Foul Ball, location: 9LDF
1-2: Strikes out looking
Batting: LHB Nick Penix 0-0: SINGLE (Line Drive, 89S, EV 96.3 MPH)
Allan Alessi scores
Denny Marshall to third
Runner from 3rd tries for Home, SAFE, throw by RF to home
Batting: RHB Carlos Fraire 0-0: Ball
1-0: Called Strike
1-1: Foul Ball, location: 3FF
1-2: Fly out, F9 (Flyball, 89S, EV 93.1 MPH)
Bottom of the 8th over - 3 runs, 4 hits, 0 errors, 1 left on base; Toronto 2 - Detroit 4
TOP OF THE 9TH
Toronto Blue Jays batting - Pitching for Detroit Tigers : RHP Justin Grogan
Pitching: RHP John Young
Batting: SHB Mark Spalding 0-0: Called Strike
0-1: SOLO HOME RUN (Line Drive, 9D, EV 98.1 MPH), Distance : 374 ft
Pinch Hitting: LHB Kevin Winter 0-0: Called Strike
0-1: Ball
1-1: SINGLE (Groundball, 6MD, EV 100.6 MPH)
Batting: RHB Greg Whitaker 0-0: Ball
1-0: Ball
2-0: Foul Ball, location: 2F
2-1: Foul Ball, location: 9LMF
2-2: Ball
3-2: Fielders Choice at 2nd, 6-4 (Groundball, 6, EV 80.6 MPH)
Pitching: RHP John Hernandez
Pinch Hitting: RHB Josh Sherman 0-0: Foul Ball, location: 2F
0-1: Ball
1-1: SINGLE (Groundball, 6MD, EV 100.0 MPH)
Greg Whitaker to second
Runner from 2nd tries for 3rd, SAFE, throw by CF made to third
Batting: RHB Danny Daugherty 0-0: Swinging Strike
0-1: Ball
1-1: Swinging Strike
1-2: Ball
2-2: SINGLE (Line Drive, 34D, EV 105.6 MPH)
Greg Whitaker scores
Josh Sherman to second
Batting: LHB Collin Coleman 0-0: Ball
1-0: Foul Ball, location: 2F
1-1: SINGLE (Line Drive, 56, EV 105.0 MPH)
Josh Sherman to third
Danny Daugherty to second
Runner from 3rd tries for Home, SAFE, throw by LF to home
Batting: RHB Justin Dupree 0-0: Ball
1-0: Fly out, F8 (Flyball, 8RD, EV 100.0 MPH)
Batting: RHB Victor Ramirez 0-0: Called Strike
0-1: Ball
1-1: Foul Ball, location: 5FF
1-2: Foul Ball, location: 9LSF
1-2: Strikes out swinging
Top of the 9th over - 3 runs, 5 hits, 0 errors, 2 left on base; Toronto 5 - Detroit 4
BOTTOM OF THE 9TH
Detroit Tigers batting - Pitching for Toronto Blue Jays : LHP Brian Hawkins
Pitching: RHP Bryan Bassett
Now at C: Kevin Winter
Now in LF: Victor Ramirez
Now in CF: Danny Daugherty
Now in RF: Josh Sherman
Batting: RHB Ed Hochstetler 0-0: Ball
1-0: Ball
2-0: Ball
3-0: Called Strike
3-1: Base on Balls
Batting: SHB Mike Knighten 0-0: Ball
1-0: Grounds into double play, 4-6-3 (Groundball, 4, EV 79.4 MPH)
Batting: LHB Philip Clark 0-0: Ball
1-0: Ball
2-0: Called Strike
2-1: Foul Ball, location: 7LSF
2-2: Ground out 1-3 (Groundball, 13S, EV 75.6 MPH)
Bottom of the 9th over - 0 runs, 0 hits, 0 errors, 0 left on base; Toronto 5 - Detroit 4
Thursday, May 2nd , 2024 - OOTP Baseball 24.11 Build 85